 Dungeon Crawl Stone Soup version 0.26.1-2-gb8aa6d0cf2 (webtiles) character file.

Game seed: 1797229593033844095

65 Gadfly the Skirmisher (level 4, 0/48 HPs)
             Began as an Ogre Monk on Feb 12, 2021.
             Slain by Grinder (5 damage)
             ... on level 3 of the Dungeon.
             The game lasted 00:03:03 (2634 turns).

Gadfly the Skirmisher (Ogre Monk)                   Turns: 2634, Time: 00:03:03

Health: 0/48       AC:  3    Str: 16    XL:     4   Next: 14%
Magic:  5/5        EV: 10    Int: 11    God:
Gold:   119        SH:  0    Dex: 11    Spells: 3/3 levels left

rFire    . . .     SeeInvis .   a - +0 mace
rCold    . . .     Faith    .   (no shield)
rNeg     . . .     Spirit   .   b - +0 robe
rPois    .         Reflect  .   (helmet restricted)
rElec    .         Harm     .   (no cloak)
rCorr    .         Rampage  .   (gloves unavailable)
Will     .....                  (boots unavailable)
Stlth    ++........             (no amulet)
HPRegen  0.16/turn              (no ring)
MPRegen  0.09/turn              (no ring)

@: no status effects
A: large, unfitting armour, tough skin 1
a: no special abilities


You were on level 3 of the Dungeon.
You visited 1 branch of the dungeon, and saw 3 of its levels.

You collected 119 gold pieces.

Inventory:

Hand Weapons
 a - a +0 mace (weapon)
Missiles
 e - 124 stones (quivered)
Armour
 b - a +0 robe (worn)
Scrolls
 c - 3 scrolls of identify
Potions
 g - a potion of lignification


   Skills:
 - Level 4.0 Fighting
 + Level 2.9 Maces & Flails
 * Level 1.3 Throwing
 * Level 1.2 Armour
 - Level 2.6 Dodging
 - Level 1.4 Stealth
 * Level 1.6 Invocations
 * Level 1.1 Evocations


You had 3 spell levels left.
You didn't know any spells.
Your spell library was empty.

Dungeon Overview and Level Annotations

Branches:
Dungeon (3/15)

Altars:

Annotations:
D:3 Grinder


Innate Abilities, Weirdness & Mutations

You are too large for most types of armour.
You have tough skin. (AC +1)


Message History

Grinder hits you.
* * * LOW HITPOINT WARNING * * *
Grinder gestures at you. You resist with significant effort.
There is a stone staircase leading up here.
You hit Grinder.
Grinder is lightly wounded.
Grinder closely misses you. Grinder hits you!
* * * LOW HITPOINT WARNING * * *
You hit Grinder.
Grinder is moderately wounded.
Grinder hits you but does no damage.
You closely miss Grinder.
Grinder is moderately wounded.
Grinder hits you.
* * * LOW HITPOINT WARNING * * *
You hit Grinder.
Grinder is moderately wounded.
Grinder hits you.
You die...

#....# #......####
#....#####........
#....##.......####
#.................
#..>.####.##......
#....####.###.....
#.......... ..#...
#†.......######...
#@5...#### #...
####### #... #...
####


You could see Grinder.

Vanquished Creatures
  A worm (D:2)
  3 dart slugs
  3 leopard geckos
  10 bats
  2 giant cockroaches
  8 goblins (D:1)
  6 hobgoblins
  6 jackals (D:1)
  3 kobolds
  2 frilled lizards
  5 rats
49 creatures vanquished.

Vanquished Creatures (others)
  3 plants (D:3)
3 creatures vanquished.

Grand Total: 52 creatures vanquished

Notes
Turn   | Place    | Note
-------+----------+-------------------------------------------
     0 | D:1      | Gadfly the Ogre Monk began the quest for the Orb.
     0 | D:1      | Reached XP level 1. HP: 24/24 MP: 1/1
    39 | D:1      | You fall into a shaft and drop 1 floor!
   428 | D:2      | Reached XP level 2. HP: 25/32 MP: 2/2
   635 | D:1      | Reached skill level 1 in Invocations
   898 | D:1      | Reached XP level 3. HP: 39/39 MP: 3/3
   977 | D:1      | Reached skill level 1 in Evocations
  1070 | D:1      | Reached skill level 1 in Throwing
  1267 | D:1      | Reached skill level 1 in Armour
  2041 | D:2      | Reached XP level 4. HP: 48/48 MP: 5/5
  2512 | D:3      | Noticed Grinder
  2634 | D:3      | Slain by Grinder

Illustrated notes

Levels and vault maps discovered:
D:1:      eino_arrival_water_star, layout_basic
D:2:      minmay_wonky_spiral, layout_basic
D:3:      layout_rooms, lemuel_doored_altar, marbit_many_paths,
          guppyfry_early_lair_pool, uniq_jessica, uniq_grinder

Skill      XL: |  1  2  3 |
---------------+----------+-----
Invocations    | 1 |  1.6
Evocations     | 1 |  1.1
Throwing       | 1 |  1.3
Armour         | 1 |  1.2
Fighting       | |  4.0
Maces & Flails | |  2.9
Dodging        | |  2.6
Stealth        | |  1.4

Action                   |  1- 3 |  4- 6 || total
-------------------------+-------+-------++-------
Melee: Mace              |   127 |    34 ||   161
  Use: Scroll            |     3 |     1 ||     4
       Potion            |     1 |       ||     1
 Stab: Sleeping          |     2 |     1 ||     3
Armor: Robe              |    46 |    15 ||    61
Dodge: Dodged            |    93 |    31 ||   124
